 Dungeon Crawl Stone Soup version 0.28.0-43-g3370ac3207 (webtiles) character file.

Game seed: 8920365979470683261

15 Anonymone the Stinger (level 2, 0/19 HPs)
             Began as a Demonspawn Venom Mage on Mar 10, 2022.
             Succumbed to an adder's poison
             ... on level 2 of the Dungeon.
             The game lasted 00:01:31 (846 turns).

Anonymone the Stinger (Demonspawn Venom Mage)        Turns: 846, Time: 00:01:31

Health: 0/19       AC:  2    Str:  8    XL:     2   Next: 34%
Magic:  0/5        EV: 12    Int: 16    God:
Gold:   34         SH:  0    Dex: 13    Spells: 2/5 levels left

rFire   . . .      SeeInvis .   h - +0 dagger
rCold   . . .      Faith    .   (no shield)
rNeg    . . .      Spirit   .   a - +0 robe
rPois   .          Reflect  .   (no helmet)
rElec   .          Harm     .   (no cloak)
rCorr   .          Rampage  .   (no gloves)
Will    .....                   (no boots)
Stlth   ++........              (no amulet)
HPRegen 0.06/turn               (no ring)
MPRegen 0.09/turn               (no ring)

@: lethally poisoned (0 -> -10)
A: demonic touch 1
a: no special abilities


You were on level 2 of the Dungeon.
You visited 1 branch of the dungeon, and saw 2 of its levels.

You collected 34 gold pieces.

Inventory:

Hand Weapons
 h - a +0 dagger (weapon)
Armour
 a - a +0 robe (worn)
Scrolls
 e - 3 scrolls of identify {unknown}
 g - a scroll of teleportation {unknown}
 i - a scroll of blinking {unknown}
Potions
 b - a potion of brilliance {unknown}
 c - 2 potions of attraction {unknown}
 d - a potion of cancellation {unknown}
 f - a potion of resistance {unknown}
 j - a potion of magic {unknown}


   Skills:
 - Level 2.0 Dodging
 - Level 2.0 Stealth
 + Level 2.2 Spellcasting
 - Level 1.0 Transmutations
 + Level 3.2 Poison Magic


You had 2 spell levels left.
You knew the following spells:

 Your Spells              Type           Power      Damage    Failure   Level
a - Sting                 Tmut/Pois      32%        1d4       9%          1
b - Poisonous Vapours     Pois/Air       14%        N/A       16%         2

Your spell library contained the following spells:

 Spells                   Type           Power      Damage    Failure   Level
 Mephitic Cloud           Conj/Pois/Air  5%         N/A       36%         3
 Olgreb's Toxic Radiance  Pois           12%        N/A       47%         4


Dungeon Overview and Level Annotations

Branches:
Dungeon (2/15)

Altars:


Innate Abilities, Weirdness & Mutations

Your touch may inflict minor irresistible damage on your foes.


Message History

The kobold is severely wounded.
The kobold hits you with a +0 short sword.
You hit the kobold.
You kill the kobold!
You can't see any susceptible monsters within range! (Use Z to cast anyway.)
A goblin comes into view. It is wielding a +2 dagger of freezing.
A goblin is nearby!
The goblin shouts!
A rat comes into view.
You can't see any susceptible monsters within range! (Use Z to cast anyway.)
The sting hits the goblin.
The goblin is poisoned.
The goblin is moderately wounded.
The sting misses the goblin.
An adder comes into view.
The goblin hits you with a +2 dagger of freezing.
The goblin freezes you.
The adder hisses angrily.
You hit the goblin.
You kill the goblin!
The sting hits the adder.
The adder is poisoned.
The adder is moderately wounded.
The sting misses the adder.
The adder bites you.
You are poisoned.
The adder poisons you!
The sting hits the adder.
The adder looks even sicker.
The adder is heavily wounded.
You feel sick. The adder bites you.
You are lethally poisoned!
The adder poisons you! The adder closely misses you.
You are too injured to fight recklessly!
You closely miss the adder. Your touch misses the adder.
The adder is heavily wounded.
* * * LOW HITPOINT WARNING * * *
You feel very sick. The rat bites you.
* * * LOW HITPOINT WARNING * * *
The adder closely misses you.
You closely miss the adder. Your touch misses the adder.
The adder is severely wounded.
You die...

##########
#........#
#........#
#........#
#..)..†..#
#........#
######........##..
#...r.............
#.#.S@####.######.#
......### #.# .#
###.# #.######.# ..
#.#..(...# #.
#........#
###†<....#
#.......# #.......#
#.......#


You could see an adder (very poisoned) and a rat.

Vanquished Creatures
  An endoplasm (D:1)
  A giant cockroach (D:2)
  2 goblins
  A hobgoblin (D:1)
  3 quokkas
  2 frilled lizards (D:1)
  3 kobolds
  A rat (D:2)
14 creatures vanquished.

Notes
Turn   | Place    | Note
-------+----------+-------------------------------------------
     0 | D:1      | Anonymone the Demonspawn Venom Mage began the quest for the
                  | Orb.
     0 | D:1      | Reached XP level 1. HP: 13/13 MP: 3/3
   192 | D:1      | Reached skill level 1 in Transmutations
   480 | D:1      | Discovered your monstrous ancestry.
   480 | D:1      | Gained mutation: Your touch may inflict minor irresistible
                  | damage on your foes. [demonic ancestry]
   480 | D:1      | Reached XP level 2. HP: 19/19 MP: 1/5
   753 | D:2      | Learned a level 2 spell: Poisonous Vapours
   846 | D:2      | Succumbed to an adder's poison

Illustrated notes

Levels and vault maps discovered:
D:1:      ncdulo_smallfort, layout_rooms, dk_noncrumbling_3, chequers_garden
D:2:      layout_rooms, hellmonk_ecumenical_altar_heavens_door,
          kennysheep_jessica_study, uniq_jessica, uniq_robin

Skill      XL: |  1 |
---------------+----+-----
Transmutations | 1 |  1.0
Stealth        | 2 |  2.0
Dodging        | 2 |  2.0
Spellcasting   | |  2.2
Poison Magic   | |  3.2

Action                   || total
-------------------------++-------
Melee: Unarmed           ||     4
       Dagger            ||     4
 Cast: Sting             ||    30
Dodge: Dodged            ||     7
